 Dungeon Crawl Stone Soup version 0.28.0 (webtiles) character file.

Game seed: 4965252369862810379

45076 Ajdolov the Geomancer (level 14, -14/85 (92) HPs)
             Began as an Octopode Earth Elementalist on Feb 8, 2022.
             Was a High Priest of Vehumet.
             Demolished by a spectral orc knight (26 damage)
             ... summoned by Nergalle
             ... on level 2 of the Orcish Mines.
             The game lasted 01:32:16 (23391 turns).

Ajdolov the Geomancer (OpEE)                       Turns: 23391, Time: 01:32:17

HP:   -14/85 (92)   AC:  1    Str: 13    XL:     14   Next: 31%
MP:   2/26          EV: 20    Int: 23    God:    Vehumet [*****.]
Gold: 2192          SH:  0    Dex: 12    Spells: 9/30 levels left

rFire   + + +      SeeInvis .   a - staff of death
rCold   + . .      Faith    .   (no shield)
rNeg    + . .      Spirit   .   (helmet restricted)
rPois   +          Reflect  .   n - amulet of magic regeneration
rElec   .          Harm     .   v - ring of protection from fire
rCorr   .          Rampage  .   A - +4 ring of evasion
Will    ++...                   U - ring of protection from cold
Stlth   +++.......              p - +6 ring of strength
HPRegen 0.24/turn               h - ring of Ythret {rPois rF+}
MPRegen 0.60/turn               S - ring of willpower
                                Q - ring of protection from fire
                                P - ring of wizardry

@: studying Throwing, drained
A: almost no armour, amphibious, 8 rings, camouflage 1, gelatinous body 1,
(nimble swimmer 1), tentacles
a: Renounce Religion


You were on level 2 of the Orcish Mines.
You worshipped Vehumet.
Vehumet was extremely pleased with you.
You visited 4 branches of the dungeon, and saw 21 of its levels.
You also visited: Gauntlet.

You collected 2638 gold pieces.
You spent 446 gold pieces at shops.

Inventory:

Hand Weapons
 b - a +1 dagger of electrocution
Missiles
 C - 314 stones
 I - 4 curare-tipped darts
Magical Staves
 a - a staff of death (weapon)
Jewellery
 h - the ring of Ythret (on tentacle) {rPois rF+}
   (You acquired it on level 2 of the Lair of Beasts)

   [ring of poison resistance]

   rF:        It protects you from fire.
   rPois:     It protects you from poison.
 n - an amulet of magic regeneration (around mantle)
 p - a +6 ring of strength (on tentacle)
 v - a ring of protection from fire (left tentacle)
 A - a +4 ring of evasion (right tentacle)
 B - a ring of positive energy
 H - a ring of resist corrosion
 P - a ring of wizardry (on tentacle)
 Q - a ring of protection from fire (on tentacle)
 S - a ring of willpower (on tentacle)
 U - a ring of protection from cold (on tentacle)
Wands
 q - a wand of mindburst (17)
 x - a wand of digging (23)
 y - a wand of polymorph (18)
 F - a wand of charming (9)
 J - a wand of iceblast (10)
 M - a wand of flame (13)
 R - a wand of paralysis (4)
Scrolls
 c - a scroll of noise
 g - 6 scrolls of vulnerability
 l - 3 scrolls of amnesia
 m - a scroll of brand weapon
 t - 2 scrolls of summoning
 D - 2 scrolls of fear
 G - 4 scrolls of teleportation
 K - a scroll of holy word
 L - 5 scrolls of enchant armour
 O - 2 scrolls of fog
Potions
 d - 3 potions of might
 e - 6 potions of curing
 f - 3 potions of berserk rage
 i - 2 potions of lignification
 k - 3 potions of ambrosia
 o - a potion of invisibility
 r - 2 potions of brilliance
 s - 4 potions of heal wounds
 u - a potion of haste {unknown}
 w - 3 potions of mutation
 z - a potion of flight {unknown}
 N - 2 potions of resistance
Miscellaneous
 E - a box of beasts


   Skills:
 - Level 7.1 Fighting
 * Level 8.4 Dodging
 - Level 2.6 Stealth
 + Level 8.7 Spellcasting
 * Level 9.5 Conjurations
 - Level 9.4 Necromancy
 + Level 1.8 Transmutations
 - Level 8.0 Ice Magic
 - Level 8.0 Air Magic
 - Level 10.9 Earth Magic


You had 9 spell levels left.
You knew the following spells:

 Your Spells              Type           Power      Damage    Failure   Level
a - Sandblast             Erth           100%       2d20      1%          1
b - Stone Arrow           Conj/Erth      100%       3d13      1%          3
c - Borgnjor's Vile Clut  Necr/Erth      35%        N/A       1%          5
d - Freezing Cloud        Conj/Ice/Air   24%        6-21      1%          5
e - Orb of Destruction    Conj           26%        9d9       12%         7

Your spell library contained the following spells:

 Spells                   Type           Power      Damage    Failure   Level
 Freeze                   Ice            100%       1d11      1%          1
 Passwall                 Tmut/Erth      32%        N/A       1%          2
 Frozen Ramparts          Ice            94%        1d11      1%          3
 Ignite Poison            Fire/Tmut/Pois 12%        N/A       1%          3
 Mephitic Cloud           Conj/Pois/Air  37%        N/A       1%          3
 Hailstorm                Conj/Ice       50%        3d11      1%          4
 Petrify                  Tmut/Erth      39%        N/A       1%          4
 Leda's Liquefaction      Hex/Erth       17%        N/A       2%          4
 Summon Ice Beast         Ice/Summ       28%        N/A       4%          4
 Call Canine Familiar     Summ           10%        N/A       8%          3
 Portal Projectile        Hex/Tloc       20%        N/A       8%          3
 Lehudib's Crystal Spear  Conj/Erth      27%        10d7      47%         8
 Summon Mana Viper        Hex/Summ       10%        N/A       54%         5
 Monstrous Menagerie      Summ           5%         N/A       100%        7
 Animate Armour           Summ/Erth      Unusable   N/A       N/A         4

Dungeon Overview and Level Annotations

Branches:
Dungeon (12/15)            Temple (1/1) D:4            Lair (6/6) D:11
  Swamp (0/4) Lair:4       Spider (0/4) Lair:4        Slime (0/5) Lair:5
    Orc (2/2) D:11            Elf (0/3) Orc:2       Gauntlet (visited)

Altars:
Ashenzari
Elyvilon
Makhleb
Nemelex Xobeh
Sif Muna
Trog
Uskayaw
Vehumet
Wu Jian
The Shining One
Jiyva

Shops:
D:2 [   D:3 =   D:4 !   D:7 =   Orc:1 *

Annotations:
D:10 1 runed translucent door, exclusion: downstairs
D:12 exclusion: boulder beetle
Lair:1 1 runed translucent door, NotEbe's ghost, novice MiFi
Lair:6 1 transporter
Orc:1 2 transporters, Jeffwins's ghost, journeyman OgMo
Orc:2 3 runed translucent doors, exclusion: orc warrior, Nergalle; night's ghost, journeyman DsWn


Innate Abilities, Weirdness & Mutations

You cannot wear most types of armour.
You are amphibious.
You can wear up to eight rings at the same time.
Your skin changes colour to match your surroundings (Stealth+).
Your rubbery body absorbs attacks. (AC +1, EV +1)
((You are camouflaged when in or above water. (Stealth+)))
You have tentacles for arms and can constrict up to eight enemies at once.


Message History

Confirm with . or Enter, or press ? or * to list all spells.
Aiming: Freezing Cloud (dangerous; 1% risk of failure)
Press: ? - help, Dir - move target
Casting: Freezing Cloud (dangerous; 1% risk of failure)
Confirm with . or Enter, or press ? or * to list all spells.
You can't see any susceptible monsters within range! (Use Z to cast anyway.) Unknown command.
Casting: Freezing Cloud (dangerous; 1% risk of failure)
Confirm with . or Enter, or press ? or * to list all spells.
Aiming: Borgnjor's Vile Clutch (dangerous; 1% risk of failure)
Press: ? - help, Shift-Dir - straight line
Okay, then.
Casting: Borgnjor's Vile Clutch (dangerous; 1% risk of failure)
Confirm with . or Enter, or press ? or * to list all spells.
Aiming: Freezing Cloud (dangerous; 1% risk of failure)
Press: ? - help, Dir - move target
Okay, then.
Press: ? - help, v - describe, . - travel
Here: a spectral orc knight, wielding a +3 glaive and wearing a +3 plate armour (freezing vapour, moderately damaged, summoned)
The floor.
Aiming: Stone Arrow (safe; 1% risk of failure)
Press: ? - help, Q - select action, (/) - cycle Shift-Dir - straight line, f - spectral orc knight
Aim: a spectral orc knight, wielding a +3 glaive and wearing a +3 plate armour (freezing vapour, moderately damaged, summoned, 92% to hit)
The stone arrow hits the spectral orc knight but does no damage.
The spectral orc knight is moderately damaged.
The spectral orc knight is engulfed in freezing vapours.
The spectral orc knight is engulfed in freezing vapours.
Aiming: Stone Arrow (safe; 1% risk of failure)
Press: ? - help, Q - select action, (/) - cycle Shift-Dir - straight line, f/p - spectral orc knight
Aim: a spectral orc knight, wielding a +3 glaive and wearing a +3 plate armour (heavily damaged, summoned, 92% to hit)
The stone arrow hits the spectral orc knight!
The spectral orc knight is severely damaged.
The spectral orc knight closely misses you.
Aiming: Stone Arrow (safe; 1% risk of failure)
Press: ? - help, Q - select action, (/) - cycle Shift-Dir - straight line, f/p - spectral orc knight
Aim: a spectral orc knight, wielding a +3 glaive and wearing a +3 plate armour (severely damaged, summoned, 92% to hit)
The stone arrow hits the spectral orc knight!
The spectral orc knight is almost destroyed.
The spectral orc knight hits you from afar with a +3 glaive!!
You die...

#...###.....#.....
#..##.#.........#
#...)........#.##
####)##.##.....#.#
##.#...####....#.$.
##...#).##
##.###...
##........# ## .#
##.#......##
#.....@....##
##.#....Z...###
##.#...§§§##.##
##......§§§§☼..#
##.......§§§§.§##
#.###########§##
### #..# # #.## # )
#.## #..


You could see a spectral orc knight (summoned).

Vanquished Creatures
  2 boulder beetles
  2 ogre magi
  A catoblepas (Lair:5)
  3 hydras (Lair:1)
  A centaur warrior (D:10)
  2 orc high priests
  8 two-headed ogres
  Urug (Orc:2)
  A bog body (Lair:4)
  5 orc sorcerers
  A cyclops (Orc:2)
  An ugly thing (D:9)
  4 centaur zombies
  A torpor snail (Lair:3)
  A black mamba (Lair:6)
  A gargoyle (D:11)
  8 cane toads
  A kobold demonologist (D:12)
  3 rime drakes
  5 komodo dragons
  A meliai (Lair:4)
  5 trolls
  A polar bear (Lair:4)
  A hornet (D:10)
  Grinder (D:6)
  9 blink frogs
  9 dream sheep
  Sigmund (D:6)
  4 wyverns
  A wraith (D:9)
  A shadow (D:9)
  43 yaks
  3 fire elementals (D:12)
  A basilisk (Lair:5)
  4 vampire mosquitoes
  3 swamp worms (Lair:4)
  4 wargs
  11 water moccasins
  Duvessa (D:6)
  19 orc warriors
  A swamp drake (D:11)
  An ice beast (D:7)
  A sky beast (D:8)
  A hornet zombie (D:7)
  4 black bears
  2 necrophages
  12 ogres
  4 wolves (Lair:2)
  4 centaurs
  A phantom (D:5)
  3 kobold brigands
  2 gnoll sergeants
  11 bullfrogs
  A scorpion (D:5)
  14 killer bees
  Dowan (D:6)
  An electric eel (Lair:4)
  2 bullfrog zombies
  A gnoll shaman (D:7)
  4 hounds
  16 orc priests
  4 bullfrog skeletons
  A centaur skeleton (D:7)
  2 iguanas
  24 orc wizards
  A killer bee zombie (D:9)
  A hound zombie (D:5)
  A hound skeleton (D:4)
  A howler monkey zombie (D:9)
  Robin (D:4)
  2 howler monkey skeletons (D:6)
  16 gnolls
  6 adders
  A white imp (D:5)
  2 adder skeletons (D:5)
  A worm (D:4)
  3 dart slugs
  66 orcs
  9 bats
  10 endoplasms
  5 giant cockroaches
  11 goblins
  10 hobgoblins
  5 quokkas
  8 ball pythons
  4 frilled lizards
  18 kobolds
  9 rats
484 creatures vanquished.

Vanquished Creatures (others)
  13 fungi
  28 plants
  2 withered plants (Lair:1)
43 creatures vanquished.

Grand Total: 527 creatures vanquished

Notes
Turn   | Place    | Note
-------+----------+-------------------------------------------
     0 | D:1      | Ajdolov the Octopode Earth Elementalist began the quest for
                  | the Orb.
     0 | D:1      | Reached XP level 1. HP: 11/11 MP: 3/3
   135 | D:1      | Found a faded altar of an unknown god.
   188 | D:1      | Reached XP level 2. HP: 5/17 MP: 0/5
   913 | D:1      | Reached skill level 4 in Earth Magic
  1125 | D:1      | Reached XP level 3. HP: 21/21 MP: 6/6
  1131 | D:1      | Learned a level 3 spell: Stone Arrow
  1850 | D:2      | Reached skill level 1 in Conjurations
  2012 | D:2      | Identified the +1 helmet of the Harp {Rampage rC- SInv}
  2030 | D:2      | Found Soickiur's Antique Armour Emporium.
  2241 | D:2      | Reached XP level 4. HP: 27/27 MP: 7/7
  2930 | D:3      | Found Ridghokk's Jewellery Shop.
  2984 | D:3      | Reached skill level 5 in Earth Magic
  2984 | D:3      | Reached XP level 5. HP: 31/31 MP: 6/8
  3350 | D:4      | Noticed Robin
  3672 | D:4      | Killed Robin
  4033 | D:4      | Reached XP level 6. HP: 27/36 MP: 9/9
  4218 | D:4      | Found a staircase to the Ecumenical Temple.
  4227 | Temple   | Entered the Ecumenical Temple
  4240 | Temple   | Became a worshipper of Vehumet
  5010 | D:4      | Found Ybuxomuw's Distillery.
  5015 | D:4      | Bought a potion of heal wounds for 55 gold pieces
  5015 | D:4      | Bought a potion of curing for 33 gold pieces
  5015 | D:4      | Bought a potion of curing for 33 gold pieces
  5198 | D:5      | Entered Level 5 of the Dungeon
  5501 | D:5      | Reached skill level 6 in Earth Magic
  5520 | D:5      | Noticed a black bear
  5580 | D:5      | Reached XP level 7. HP: 39/41 MP: 10/10
  5615 | D:5      | Reached skill level 5 in Conjurations
  5918 | D:5      | Noticed a troll
  5965 | D:5      | Killed a troll
  5966 | D:5      | Reached skill level 7 in Earth Magic
  5966 | D:5      | Reached XP level 8. HP: 44/46 MP: 3/11
  6254 | D:5      | Noticed a yak
  6257 | D:5      | Killed a yak
  6258 | D:5      | Reached skill level 1 in Fighting
  6488 | D:5      | Found a glowing golden altar of the Shining One.
  6720 | D:6      | Reached XP level 9. HP: 55/55 MP: 8/15
  6739 | D:6      | Noticed Sigmund
  6742 | D:6      | Killed Sigmund
  6975 | D:6      | Got Lehudib's Tome of the Mountains
  6982 | D:6      | Learned a level 5 spell: Borgnjor's Vile Clutch
  6983 | D:6      | Noticed Grinder
  6988 | D:6      | Killed Grinder
  6989 | D:6      | Reached skill level 5 in Spellcasting
  6989 | D:6      | Reached skill level 1 in Necromancy
  7180 | D:6      | Noticed Duvessa
  7180 | D:6      | Noticed Dowan
  7225 | D:6      | Killed Duvessa
  7577 | D:6      | Killed Dowan
  7577 | D:6      | Reached * piety under Vehumet
  7577 | D:6      | Offered knowledge of Freeze by Vehumet.
  7921 | D:7      | Found Eseco's Jewellery Boutique.
  8231 | D:7      | Reached XP level 10. HP: 65/65 MP: 17/19
  8785 | D:8      | Reached skill level 5 in Necromancy
  8870 | D:8      | Learned a level 5 spell: Freezing Cloud
  8912 | D:8      | Offered knowledge of Poisonous Vapours by Vehumet.
  8916 | D:8      | Reached ** piety under Vehumet
  9121 | D:8      | Reached skill level 5 in Fighting
  9223 | D:8      | Found a shimmering blue altar of Sif Muna.
  9271 | D:8      | Found a burning altar of Makhleb.
  9316 | D:8      | Found a sparkling altar of Nemelex Xobeh.
  9450 | D:9      | Reached skill level 8 in Earth Magic
  9535 | D:9      | Found a white marble altar of Elyvilon.
 10300 | D:9      | Offered knowledge of Static Discharge by Vehumet.
 10386 | D:9      | Noticed a white ugly thing
 10396 | D:9      | Killed a white ugly thing
 10397 | D:9      | Reached skill level 9 in Earth Magic
 10397 | D:9      | Reached XP level 11. HP: 10/72 MP: 14/21
 10895 | D:10     | Entered Level 10 of the Dungeon
 10911 | D:10     | Noticed a centaur warrior
 11389 | D:10     | Reached *** piety under Vehumet
 11443 | D:10     | Killed a centaur warrior
 11444 | D:10     | Reached skill level 1 in Ice Magic
 11444 | D:10     | Reached skill level 1 in Air Magic
 11482 | D:10     | Noticed a +0 short sword
 11482 | D:10     | Noticed a +0 dagger
 11483 | D:10     | Noticed a +0 short sword
 11483 | D:10     | Noticed a +0 dagger
 11484 | D:10     | Noticed a +0 falchion
 11485 | D:10     | Noticed a +0 spear
 11487 | D:10     | Noticed a +0 falchion
 11488 | D:10     | Noticed a +0 spear
 11503 | D:10     | Found a hide-covered altar of Uskayaw.
 11794 | D:10     | Found a runed translucent door.
 11794 | D:10     | Noticed a sixfirhy
 12171 | D:11     | Noticed an ogre mage
 12171 | D:11     | Noticed a two-headed ogre
 12171 | D:11     | Noticed a two-headed ogre
 12171 | D:11     | Noticed a two-headed ogre
 12193 | D:10     | Killed a two-headed ogre
 12290 | D:11     | Found a staircase to the Lair.
 12388 | D:11     | Offered knowledge of Hailstorm by Vehumet.
 12396 | D:11     | Killed a two-headed ogre
 12509 | D:11     | Killed an ogre mage
 12526 | D:11     | Killed a two-headed ogre
 13002 | D:11     | Found a staircase to the Orcish Mines.
 13984 | D:12     | Reached skill level 5 in Ice Magic
 13984 | D:12     | Reached skill level 5 in Air Magic
 13984 | D:12     | Reached XP level 12. HP: 81/81 MP: 16/22
 14050 | D:12     | Noticed a two-headed ogre
 14056 | D:12     | Killed a two-headed ogre
 14099 | D:12     | Noticed a boulder beetle
 14265 | Lair:1   | Entered Level 1 of the Lair of Beasts
 14265 | Lair:1   | Noticed an eight-headed hydra
 14269 | Lair:1   | Killed an eight-headed hydra
 14318 | Lair:1   | Reached **** piety under Vehumet
 14375 | Lair:1   | Noticed a seven-headed hydra
 14379 | Lair:1   | Killed a seven-headed hydra
 14446 | Lair:1   | Found a runed translucent door.
 14446 | Lair:1   | Noticed NotEbe's ghost (novice MiFi)
 14500 | Lair:1   | Noticed a five-headed hydra
 14511 | Lair:1   | Offered knowledge of Conjure Flame by Vehumet.
 14535 | Lair:1   | Killed a five-headed hydra
 15745 | Lair:2   | Identified a scroll of acquirement
 16135 | Lair:2   | Acquired 788 gold pieces
 16136 | Lair:2   | Acquired the ring of Ythret {rPois rF+}
 16376 | Lair:2   | Reached XP level 13. HP: 86/86 MP: 19/23
 17072 | Lair:3   | Identified the ring of Gotrun {Fire Str+2}
 17110 | Lair:3   | Found a gate leading to a gauntlet.
 17125 | Gauntlet | Entered a Gauntlet
 17125 | Gauntlet | Found a transporter.
 17143 | Gauntlet | Found a transporter.
 17145 | Gauntlet | Found a transporter.
 17147 | Gauntlet | Found a transporter.
 17174 | Gauntlet | Found a transporter.
 17187 | Gauntlet | Found a transporter.
 17192 | Gauntlet | Noticed a cacodemon
 17232 | Gauntlet | Found a transporter.
 17247 | Gauntlet | Found a transporter.
 17253 | Gauntlet | Noticed a blizzard demon
 17255 | Gauntlet | Found a transporter.
 17275 | Gauntlet | Found a transporter.
 17290 | Gauntlet | Found a transporter.
 17302 | Gauntlet | Found a transporter.
 17321 | Gauntlet | Found a transporter.
 17336 | Gauntlet | Found a transporter.
 17372 | Gauntlet | Found a transporter.
 17393 | Gauntlet | Found a transporter.
 17650 | Lair:3   | Reached ***** piety under Vehumet
 17651 | Lair:3   | Reached skill level 10 in Earth Magic
 18156 | Lair:4   | Found a hole to the Spider Nest.
 18163 | Lair:4   | Reached skill level 5 in Dodging
 18284 | Lair:4   | Identified the +2 hand axe of Crusades {drain, rC+ Will++
                  | Str-4 SInv}
 18330 | Lair:4   | Offered knowledge of Iskenderun's Battlesphere by Vehumet.
 18584 | Lair:4   | Found a staircase to the Swamp.
 19935 | Lair:5   | Found a viscous altar of Jiyva.
 19935 | Lair:5   | Found a staircase to the Slime Pits.
 20184 | Lair:6   | Entered Level 6 of the Lair of Beasts
 20184 | Lair:6   | Found a transporter.
 20681 | Orc:1    | Entered Level 1 of the Orcish Mines
 21177 | Orc:2    | Entered Level 2 of the Orcish Mines
 21400 | Orc:2    | Found a staircase to the Elven Halls.
 21555 | Orc:2    | Reached XP level 14. HP: 36/92 MP: 17/26
 21864 | Orc:1    | Offered knowledge of Orb of Destruction by Vehumet.
 21878 | Orc:1    | Learned a level 7 spell: Orb of Destruction
 22004 | Orc:1    | Noticed Jeffwins's ghost (journeyman OgMo)
 22046 | Orc:1    | Found a transporter.
 22570 | Orc:1    | Found a transporter.
 22606 | Orc:1    | Found Pausue's Practical Paraphernalia.
 22614 | Orc:1    | Bought a ring of protection from cold for 325 gold pieces
 23252 | Orc:2    | Found a runed translucent gate.
 23252 | Orc:2    | Found a runed translucent gate.
 23252 | Orc:2    | Found a runed translucent gate.
 23252 | Orc:2    | Noticed night's ghost (journeyman DsWn)
 23253 | Orc:2    | Noticed an orc warlord
 23327 | Orc:2    | Noticed Urug
 23337 | Orc:2    | Killed Urug
 23371 | Orc:2    | Noticed Nergalle
 23391 | Orc:2    | Demolished by a spectral orc knight

Illustrated notes

Levels and vault maps discovered:
D:1:      matt_arrival_spirals, layout_basic, chequers_ecumenical_altar_island,
          minmay_statues_item, amethyst_killhole
D:2:      kennysheep_six_static_rooms, layout_loops_ring, serial_shops, shop
D:3:      minmay_spotlight, layout_basic, serial_shops,
          nicolae_shop_hallway_plus
D:4:      layout_basic, minmay_temple_entry_antechambers, serial_shops,
          nicolae_shop_hallway_plus, hex_large, uniq_robin
D:5:      layout_basic, tso_oasis_becter, minmay_manual_macuahuitl
D:6:      layout_loops_cross, uniq_grinder, uniq_duvessa, uniq_sigmund
D:7:      layout_loops_ring, serial_shops, shop
D:8:      layout_cave_pools, general_overflow_altar, lemuel_round_altar,
          lemuel_blue_sif_altar, kennysheep_pointless_box
D:9:      layout_cave_pools, elyvilon_altar_4, serial_bayou_pond_b,
          minivault_20, small_statue_intersection
D:10:     cheibrodos_shockbox, layout_basic, nicolae_uskayaw_en_pointe,
          patterned_corridor
D:11:     layout_loops_ring, lair_entry_dummy, erik_orc_1,
          dreamdust_deal_with_the_devil
D:12:     layout_irregular_city, bh_hangedman_babel_library, uniq_azrael,
          uniq_rupert, uniq_erolcha
Temple:   regret_index_temple_sphere_string
Lair:1:   layout_cave_pods, gammafunk_ghost_grave, beast_lair_carwin_4,
          lemuel_fruit_fields, grunt_megastairs_3, serial_bayou_shore_a
Lair:2:   layout_layer_cave, serial_bayou_shore_b
Lair:3:   layout_gridlike, gauntlet_entry_generic
Lair:4:   layout_hall_layers, nicolae_swamp_entry_splash_gauntlet,
          hellmonk_spider_entry_not_the_bees, infiniplex_staircase_pool_2
Lair:5:   layout_misc_corridors, dpeg_slime_entry_enclosed_altar
Lair:6:   grunt_lair_end_beastmaster, layout_long_grid,
          gammafunk_ghost_abyssal_escape, lemuel_fruit_fields
Orc:1:    layout_caves, nicolae_volcano_entry_s_turn,
          gammafunk_ghost_stat_death, nicolae_alphabet_shops
Orc:2:    grunt_orc_cross, layout_caves, serial_shops, shop_coins,
          gammafunk_ghost_fury_of_okawaru

Skill      XL: |  1  2  3  4  5  6  7  8  9 10 11 12 13 14 |
---------------+-------------------------------------------+-----
Earth Magic    | 4 5 6 7 9 10 | 10.9
Conjurations   | 1 2 3 4 5 7 8 9 |  9.5
Fighting       | 2 4 5 7 |  7.1
Spellcasting   | 4 6 7 8 |  8.7
Necromancy     | 4 7 8 9 |  9.4
Ice Magic      | 5 8 |  8.0
Air Magic      | 5 8 |  8.0
Dodging        | 7 8 |  8.4
Stealth        | |  2.6
Transmutations | |  1.8

Action                   |  1- 3 |  4- 6 |  7- 9 | 10-12 | 13-15 || total
-------------------------+-------+-------+-------+-------+-------++-------
Melee: Unarmed           |     7 |       |       |       |       ||     7
       Dagger            |    65 |   124 |    30 |     6 |       ||   225
       Constrict         |    19 |    38 |    12 |     3 |     4 ||    76
       Tentacles         |    10 |    30 |     9 |     3 |     6 ||    58
       Punch             |     3 |     1 |     1 |     1 |       ||     6
       Staff             |       |       |       |    13 |    17 ||    30
 Cast: Sandblast         |    18 |     5 |    17 |    30 |     3 ||    73
       Stone Arrow       |       |     2 |    77 |   150 |    72 ||   301
       Borgnjor's Vile C |       |       |       |    72 |   106 ||   178
       Freezing Cloud    |       |       |       |    34 |    58 ||    92
Evoke: Wand              |       |       |     2 |       |       ||     2
  Use: Scroll            |       |     2 |     2 |    17 |     8 ||    29
       Potion            |       |       |       |       |     1 ||     1
 Stab: Sleeping          |    13 |    14 |       |       |       ||    27
Armor: Skin              |     3 |     6 |     4 |     2 |       ||    15
Dodge: Dodged            |    66 |    81 |    37 |    89 |    83 ||   356
